 Dungeon Crawl Stone Soup version 0.28-a0-1594-ga885d4b3d6 (webtiles) character file.

Game seed: 16233442300461812930

6981 vineage the Warrior (level 10, -20/105 HPs)
             Began as a Minotaur Fighter on Jan 20, 2022.
             Was a High Priest of Okawaru.
             Demolished by a white ugly thing (34 damage)
             ... on level 9 of the Dungeon.
             The game lasted 00:10:31 (8214 turns).

vineage the Warrior (Minotaur Fighter)              Turns: 8214, Time: 00:10:32

Health: -20/105    AC: 13    Str: 25    XL:     10   Next: 81%
Magic:  8/9        EV: 10    Int: 13    God:    Okawaru [*****.]
Gold:   263        SH:  6    Dex: 11    Spells: 9/9 levels left

rFire   . . .      SeeInvis +   E - +3 morningstar (freeze)
rCold   . . .      Faith    .   c - +1 buckler
rNeg    . . .      Spirit   .   j - +7 leather armour of Whack-A-Mole {SInv}
rPois   +          Reflect  .   (helmet restricted)
rElec   .          Harm     .   (no cloak)
rCorr   .          Rampage  .   F - +0 pair of gloves of Bedevilment {Str+3 SInv}
Will    +....                   v - +0 pair of boots
Stlth   +.........              u - amulet "Filam" {Acrobat Will+ Int+4}
HPRegen 1.07/turn               d - ring of flight
MPRegen 0.11/turn               l - +6 ring of intelligence

@: flying
A: horns 2, retaliatory headbutt, clumsy 1, dopey 1, poison resistance,
regeneration 1
a: Renounce Religion, Heroism, Finesse, Duel


You were on level 9 of the Dungeon.
You worshipped Okawaru.
Okawaru was extremely pleased with you.
You visited 2 branches of the dungeon, and saw 10 of its levels.

You collected 483 gold pieces.
You spent 220 gold pieces at shops.

Inventory:

Hand Weapons
 a - a +1 war axe
 q - a +0 whip of flaming
 E - a +3 morningstar of freezing (weapon)
Missiles
 y - a throwing net (quivered)
Armour
 c - a +1 buckler (worn)
 j - the +7 leather armour of Whack-A-Mole (worn) {SInv}
   (You found it on level 2 of the Dungeon)

   SInv:      It lets you see invisible.
 v - a +0 pair of boots (worn)
 F - the +0 pair of gloves of Bedevilment (worn) {Str+3 SInv}
   (You bought it in a shop on level 1 of the Dungeon)

   Str:       It affects your strength (+3).
   SInv:      It lets you see invisible.
Jewellery
 d - a ring of flight (left hand)
 e - an amulet of reflection
 g - a ring of ice
 h - an amulet of guardian spirit
 l - a +6 ring of intelligence (right hand)
 s - a ring of positive energy
 u - the amulet "Filam" (around neck) {Acrobat Will+ Int+4}
   (You found it on level 5 of the Dungeon)

   [amulet of the acrobat]

   It increases your evasion while moving and waiting.
   Int:       It affects your intelligence (+4).
   Will:      It increases your willpower.
 z - a ring of protection from fire
 A - a ring of see invisible
 B - a +6 ring of intelligence
Wands
 f - a wand of flame (35)
 t - a wand of paralysis (6)
 G - a wand of iceblast (16)
Scrolls
 b - 3 scrolls of identify
 k - a scroll of vulnerability
 n - 2 scrolls of noise
 p - a scroll of holy word
 r - 3 scrolls of fog
 w - 2 scrolls of enchant armour
 I - 2 scrolls of blinking
 J - a scroll of enchant weapon
Potions
 i - 3 potions of haste
 m - 4 potions of brilliance
 o - 2 potions of curing
 x - 4 potions of heal wounds
 C - a potion of flight
 D - a potion of lignification
 H - a potion of magic {unknown}


   Skills:
 - Level 15.3 Fighting
 - Level 2.4(5.5) Axes
 * Level 7.9(8.1) Maces & Flails
 + Level 8.1 Armour
 + Level 8.1 Shields


You had 9 spell levels left.
You didn't know any spells.
Your spell library contained the following spells:

 Spells                   Type           Power      Damage    Failure   Level
 Pain                     Necr           0%         1d4       41%         1
 Gell's Gravitas          Tloc           0%         N/A       78%         3
 Lesser Beckoning         Tloc           0%         N/A       78%         3
 Teleport Other           Tloc           0%         N/A       78%         3
 Vampiric Draining        Necr           0%         2d6       78%         3
 Animate Skeleton         Necr           Unusable   N/A       N/A         1

Dungeon Overview and Level Annotations

Branches:
Dungeon (9/15)             Temple (1/1) D:5
   Lair: D:8-11         Orc: D:9-12

Altars:
Ashenzari
Dithmenos
Gozag
Hepliaklqana
Nemelex Xobeh
Okawaru
Qazlal
Ru
Uskayaw
Vehumet
Wu Jian
Xom
Yredelemnul
Zin

Shops:
D:1 [   D:3 *   D:4 :(*   D:5 [   D:7 =


Innate Abilities, Weirdness & Mutations

You have a pair of horns on your head.
You reflexively headbutt those who attack you in melee.
You are clumsy. (Dex -2)
You are dopey. (Int -2)
Your system is resistant to poisons. (rPois)
Your natural rate of healing is unusually fast.


Message History

You completely miss the red ugly thing. You headbutt the red ugly thing!
You kill the red ugly thing!
Okawaru is honoured by your kill.
You impale the brown ugly thing!! You freeze the brown ugly thing!
The brown ugly thing is heavily wounded.
The brown ugly thing closely misses you.
You impale the brown ugly thing!! You freeze the brown ugly thing.
The brown ugly thing is almost dead.
The brown ugly thing basks in the mutagenic energy from its kin and changes!
You impale the white ugly thing!! You freeze the white ugly thing.
You kill the white ugly thing!
Okawaru is honoured by your kill.
You can now enter into single combat with a foe.
Okawaru will now gift you equipment as you gain piety.
Your base Armour skill increases to level 8!
Your base Shields skill increases to level 8!
You sock the white ugly thing! You freeze the white ugly thing.
The white ugly thing is moderately wounded.
The white ugly thing closely misses you.
You furiously retaliate!
You headbutt the white ugly thing, but do no damage.
You bludgeon the white ugly thing!! You freeze the white ugly thing.
You headbutt the white ugly thing.
The white ugly thing is severely wounded.
The white ugly thing basks in the mutagenic energy from its kin and changes!
You hit the white ugly thing.
The white ugly thing is severely wounded.
The white ugly thing tail-slaps you but does no damage.
You hit the white ugly thing. You freeze the white ugly thing.
You headbutt the white ugly thing!
The white ugly thing is almost dead.
The white ugly thing tail-slaps you! The white ugly thing freezes you!!
* * * LOW HITPOINT WARNING * * *
You hit the white ugly thing but do no damage.
The white ugly thing is almost dead.
You feel like a meek peon again. The white ugly thing tail-slaps you.
* * * LOW HITPOINT WARNING * * *
The white ugly thing freezes you!!
You die...

....#.##.#########.#
......##.......>.#.#
###.#<#########.##.#
########.##......#
.#...!#..##.#....#
#.#.#.#..##.####.#
!#ยง...'..##.# #.#
..!#..'...#.####.########
.#....'.....uu@.........#
#.#.#.#..#######.######.#
.#....#..##...........#.#
##########..............#.#
......#....##.......#####.#
...####....##############.##
......'....................#
....###....#################
....# #....#


You could see 2 ugly things.

Vanquished Creatures
  A two-headed ogre (D:8)
  Pikel (D:6)
  2 ugly things (D:9)
  Grinder (D:3)
  Prince Ribbit (D:8)
  2 wyverns (D:9)
  A wraith (D:9)
  Eustachio (D:4)
  2 steam dragons
  3 vampire mosquitoes (D:8)
  A water moccasin (D:9)
  An orc warrior (D:8)
  An ice beast (D:5)
  4 black bears
  3 ogres
  4 centaurs
  2 necrophages
  2 bullfrogs
  A scorpion (D:6)
  A gnoll sergeant (D:7)
  2 water moccasin zombies (D:5)
  A water moccasin skeleton (D:3)
  10 wights
  2 centaur zombies
  2 bullfrog zombies
  A bullfrog skeleton (D:6)
  A jelly (D:8)
  A gnoll shaman (D:7)
  4 hounds
  4 orc priests
  A centaur skeleton (D:7)
  7 orc wizards
  A hound skeleton (D:4)
  11 gnolls
  2 howler monkey skeletons
  A howler monkey zombie (D:9)
  8 adders
  A shadow imp (D:3)
  5 white imps
  An ufetubus (D:5)
  2 worms
  7 dart slugs
  22 orcs
  8 bats
  12 endoplasms
  3 giant cockroaches
  8 goblins
  6 hobgoblins
  12 jackals
  3 quokkas
  8 ball pythons
  4 frilled lizards
  10 kobolds
  7 rats
213 creatures vanquished.

Vanquished Creatures (others)
  An orc (D:6)
  3 plants (D:3)
4 creatures vanquished.

Grand Total: 217 creatures vanquished

Notes
Turn   | Place    | Note
-------+----------+-------------------------------------------
     0 | D:1      | vineage the Minotaur Fighter began the quest for the Orb.
     0 | D:1      | Reached XP level 1. HP: 19/19 MP: 0/0
    21 | D:1      | Reached skill level 4 in Fighting
   239 | D:1      | Reached XP level 2. HP: 28/28 MP: 1/1
   302 | D:1      | Found Ataunkui's Armour Emporium.
   387 | D:1      | You fall into a shaft and drop 1 floor!
   469 | D:1      | Reached skill level 5 in Fighting
   526 | D:1      | Reached XP level 3. HP: 36/36 MP: 2/2
   973 | D:1      | Gained mutation: You are clumsy. (Dex -2) [potion of
                  | mutation]
   973 | D:1      | Gained mutation: Your natural rate of healing is unusually
                  | fast. [potion of mutation]
   973 | D:1      | Gained mutation: You are dopey. (Int -2) [potion of
                  | mutation]
   973 | D:1      | Gained mutation: Your system is resistant to poisons.
                  | (rPois) [potion of mutation]
  1311 | D:2      | Reached skill level 6 in Fighting
  1311 | D:2      | Reached XP level 4. HP: 44/44 MP: 3/3
  1459 | D:2      | Identified the +7 leather armour of Whack-A-Mole {SInv}
  1602 | D:3      | Noticed Grinder
  1603 | D:3      | Paralysed by Grinder for 2 turns
  1613 | D:3      | Paralysed by Grinder for 3 turns
  1617 | D:3      | Killed Grinder
  1618 | D:3      | Reached skill level 8 in Fighting
  1618 | D:3      | Reached XP level 5. HP: 53/53 MP: 4/4
  1626 | D:3      | Reached XP level 6. HP: 61/61 MP: 5/5
  1896 | D:3      | Identified the +1 ring mail of Rewy {Rampage rF+ Str+3
                  | Int-5}
  2225 | D:3      | Found Ohengic's Assorted Antiques.
  2341 | D:3      | Reached skill level 9 in Fighting
  2755 | D:4      | Noticed Eustachio
  2776 | D:4      | Killed Eustachio
  2777 | D:4      | Reached skill level 10 in Fighting
  2777 | D:4      | Reached XP level 7. HP: 51/72 MP: 6/6
  2798 | D:4      | Found Pualobb's Book Shop.
  2827 | D:4      | Found Duhes's Antique Weapon Boutique.
  3218 | D:4      | Found Kossof's Assorted Antiques.
  3367 | D:5      | Entered Level 5 of the Dungeon
  3412 | D:5      | Reached skill level 11 in Fighting
  3442 | D:5      | Reached XP level 8. HP: 66/83 MP: 7/7
  3474 | D:5      | Reached skill level 12 in Fighting
  3550 | D:5      | Found Xosian's Armour Shoppe.
  3661 | D:5      | Found a staircase to the Ecumenical Temple.
  3685 | Temple   | Entered the Ecumenical Temple
  3794 | Temple   | Became a worshipper of Warmaster Okawaru
  3865 | D:5      | Identified the amulet "Filam" {Acrobat Will+ Int+4}
  3991 | D:5      | Reached skill level 13 in Fighting
  4361 | D:6      | Noticed Pikel
  4366 | D:6      | Reached skill level 14 in Fighting
  4376 | D:6      | Killed Pikel
  4376 | D:6      | Reached * piety under Okawaru
  4376 | D:6      | Reached ** piety under Okawaru
  4377 | D:6      | Reached XP level 9. HP: 89/96 MP: 8/8
  4404 | D:6      | Reached skill level 15 in Fighting
  4932 | D:7      | Found Qukhudau's Jewellery Shoppe.
  4979 | D:7      | Reached skill level 1 in Maces & Flails
  5446 | D:7      | Reached skill level 5 in Armour
  5446 | D:7      | Reached skill level 5 in Shields
  6088 | D:1      | Bought the +0 pair of gloves of Bedevilment {Str+3 SInv}
                  | for 220 gold pieces
  6298 | D:8      | Reached *** piety under Okawaru
  6304 | D:8      | Reached XP level 10. HP: 63/105 MP: 9/9
  6383 | D:8      | Found a radiant altar of Vehumet.
  6652 | D:8      | Noticed Prince Ribbit
  6657 | D:8      | Killed Prince Ribbit
  6862 | D:8      | Reached skill level 5 in Maces & Flails
  6915 | D:8      | Reached **** piety under Okawaru
  6951 | D:8      | Noticed a two-headed ogre
  6957 | D:8      | Killed a two-headed ogre
  7203 | D:8      | Identified the +1 robe of Boredom {Int+3 SInv Stlth-
                  | Archmagi}
  7423 | D:9      | Found a runed translucent gate.
  7423 | D:9      | Noticed a green ugly thing
  7423 | D:9      | Noticed a purple ugly thing
  7423 | D:9      | Noticed a cyan ugly thing
  7423 | D:9      | Noticed a purple ugly thing
  7424 | D:9      | Found a runed translucent gate.
  7424 | D:9      | Found a runed translucent gate.
  8206 | D:9      | Killed a red ugly thing
  8209 | D:9      | Killed a white ugly thing
  8209 | D:9      | Reached ***** piety under Okawaru
  8214 | D:9      | Demolished by a white ugly thing

Illustrated notes

Levels and vault maps discovered:
D:1:      amcnicky_arrival_double_pillar, layout_basic, serial_shops, shop,
          minmay_misc_feat_plants
D:2:      layout_loops_ring
D:3:      layout_loops_corners, serial_shops, nicolae_shop_hallway_stairs,
          serial_bayou_crossing, uniq_grinder
D:4:      layout_loops_cross, serial_shops, shop, shop,
          nicolae_shop_window_shopping, uniq_eustachio
D:5:      layout_cave_pools, minmay_temple_entry_poolview, serial_shops,
          nicolae_shop_crystal, kennysheep_generic_room_16
D:6:      layout_loops_ring, uniq_pikel
D:7:      layout_basic, serial_shops, nicolae_stop_n_shop_1
D:8:      layout_layer_cave, mainiacjoe_overflow_brackets, uniq_prince_ribbit1
D:9:      layout_basic, ploomutoo_gammafunk_ghost_potion_laboratory
Temple:   mainiacjoe_temple_hex_bubbles

Skill      XL: |  1  2  3  4  5  6  7  8  9 10 |
---------------+-------------------------------+-----
Fighting       | 4 5 6 8 10 11 14 15 | 15.3
Maces & Flails | 4 7 |  7.9
Armour         | 5 8 |  8.1
Shields        | 5 8 |  8.1
Axes           | |  2.4

Action                   |  1- 3 |  4- 6 |  7- 9 | 10-12 || total
-------------------------+-------+-------+-------+-------++-------
Melee: War axe           |   100 |    93 |   124 |       ||   317
       Headbutt          |    16 |    14 |    67 |    14 ||   111
       Whip              |       |       |   164 |       ||   164
       Morningstar       |       |       |    20 |    80 ||   100
Invok: Heroism           |       |       |     1 |     2 ||     3
  Use: Scroll            |     4 |     1 |    13 |     1 ||    19
       Potion            |     1 |     1 |     1 |       ||     3
Armor: Scale mail        |    46 |       |       |       ||    46
       Leather armour    |       |    45 |   160 |    39 ||   244
Dodge: Dodged            |    47 |    40 |   172 |    43 ||   302
Block: Buckler           |    22 |    55 |   121 |    28 ||   226
       Reflection        |     2 |     1 |       |       ||     3

Table legend: (Time is in decaauts)
 A = Elapsed time spent in this place.
 B = Non-inter-level travel time spent in this place.
 C = Inter-level travel time spent in this place.
 D = Time resting spent in this place.
 E = Time spent auto-exploring this place.
 F = Levels seen in this place.
 G = Mean time per level.
                   A        B        C        D        E       F      G
               +--------+--------+--------+--------+--------+-----+--------+
         Total |   8377 |   7761 |    616 |    468 |   5820 |  10 |  837.7 |
       Dungeon |   8257 |   7661 |    596 |    468 |   5723 |   9 |  917.4 |
        Temple |    119 |     99 |     20 |      0 |     97 |   1 |  119.0 |
               +--------+--------+--------+--------+--------+-----+--------+

Top non-repeatable levels by time:
     D:3: 1172 daAuts
     D:8: 1116 daAuts
     D:7: 1070 daAuts
     D:1: 955 daAuts
     D:6: 921 daAuts
     D:9: 883 daAuts
     D:2: 751 daAuts
     D:4: 707 daAuts
     D:5: 678 daAuts
  Temple: 119 daAuts
